 Dungeon Crawl Stone Soup version 0.22-a0-512-g0943f25 (webtiles) character file.

400 xravenx the Slasher (level 6, -4/37 HPs)
             Began as a Tengu Berserker on June 19, 2018.
             Was a Priest of Trog.
             Slain by Grinder (7 damage)
             ... on level 4 of the Dungeon.
             The game lasted 00:16:10 (2844 turns).

xravenx the Slasher (Tengu Berserker)               Turns: 2844, Time: 00:16:11

Health: -4/37      AC:  9    Str: 20    XL:     6   Next: 84%
Magic:  7/7        EV:  7    Int:  7    God:    Trog [***...]
Gold:   137        SH:  7    Dex: 13    Spells: 5/5 levels left

rFire    . . .     SeeInvis .   a - +0 falchion
rCold    . . .     Gourm    .   n - +0 shield
rNeg     . . .     Faith    .   k - +0 chain mail
rPois    .         Spirit   .   (helmet restricted)
rElec    .         Reflect  .   (no cloak)
rCorr    .         Harm     .   (no gloves)
MR       .....                  (boots unavailable)
Stlth    ..........             (no amulet)
HPRegen  0.12/turn              (no ring)
MPRegen  0.10/turn              (no ring)

@: berserk cooldown, slowed, very slow
A: beak, talons 3, able to fly 1
a: Fly, Berserk, Trog's Hand, Renounce Religion


You were on level 4 of the Dungeon.
You worshipped Trog.
Trog was most pleased with you.
You were not hungry.

You visited 1 branch of the dungeon, and saw 4 of its levels.

You collected 137 gold pieces.

Inventory:

Hand Weapons
 a - a +0 falchion (weapon)
 t - a cursed -1 short sword
Missiles
 b - 4 tomahawks (quivered)
 p - 6 javelins
Armour
 k - a +0 chain mail (worn)
 n - a +0 shield (worn)
Scrolls
 e - 2 scrolls of teleportation {unknown}
 g - 3 scrolls of identify {unknown}
 h - 6 scrolls of remove curse {unknown}
 i - 2 scrolls of noise {unknown}
 q - a scroll of immolation {unknown}
 r - a scroll of magic mapping {unknown}
Potions
 f - 2 potions of might {unknown}
 j - a potion of brilliance {unknown}
 l - a potion of haste {unknown}
 m - a potion of resistance {unknown}
 o - 2 potions of invisibility {unknown}
 s - 2 potions of degeneration {unknown}
Comestibles
 c - 5 rations
 d - 2 chunks of flesh


   Skills:
 - Level 3.0 Fighting
 + Level 5.4 Long Blades
 + Level 4.8 Armour
 + Level 4.7 Dodging


You had 5 spell levels left.
You didn't know any spells.
Your spell library was empty.

Dungeon Overview and Level Annotations

Branches:
Dungeon (4/15)
 Temple: D:4-7

Altars:
Gozag
Hepliaklqana
Makhleb
Okawaru
Qazlal
Uskayaw
Xom

Annotations:
D:4 Grinder


Innate Abilities, Weirdness & Mutations

You have a beak for a mouth.
You have claws for feet.
You can fly.


Message History

Throwing (i - inventory. (/) - cycle)
b - 5 tomahawks (quivered)
Press: ? - help, Shift-Dir - straight line, f/p - Grinder
Aim: Grinder (severely wounded)
You throw a tomahawk. The tomahawk hits Grinder.
Grinder is severely wounded.
Grinder gestures at you. Pain shoots through your body!
* * * LOW HITPOINT WARNING * * *
Grinder gestures at you.
You barely resist. Grinder hits you.
* * * LOW HITPOINT WARNING * * *
You writhe in agony.
* * * LOW HITPOINT WARNING * * *
Grinder gestures at you. You resist with significant effort.
You hit Grinder but do no damage. Your peck misses Grinder.
Grinder is severely wounded.
Grinder hits you!
You die...

#..###..##.. #.###.#..##.##
........##.#
#.#.###.#...#.##
#..####.##.#
#................
#..####.##.
#.....#.#...##### ........#
###.###.#.#...# #..#######
...# #...#...#
#........######.###.###...#
##.#####........(...# #...#
#.# ##.[...(.5@(#####...#
#.####.#.####..(.........#
#.....###..##..#######.#
######.#.#.##..#
########.##.##..######
......)).##...........
.##################### .#
##


You could see Grinder.

Vanquished Creatures
  Sigmund (D:2)
  An ice beast (D:4)
  7 adders
  An ooze (D:1)
  2 worms (D:3)
  A dart slug (D:3)
  A leopard gecko (D:1)
  5 orcs
  2 ball pythons
  5 giant cockroaches
  7 goblins
  4 hobgoblins
  2 jackals (D:2)
  A quokka (D:2)
  12 bats
  7 frilled lizards
  6 kobolds
  13 rats
78 creatures vanquished.

Notes
Turn   | Place    | Note
-------+----------+-------------------------------------------
     0 | D:1      | xravenx the Tengu Berserker began the quest for the Orb.
     0 | D:1      | Reached XP level 1. HP: 14/14 MP: 2/2
   128 | D:1      | Reached XP level 2. HP: 19/19 MP: 3/3
   481 | D:1      | Reached XP level 3. HP: 23/23 MP: 4/4
   616 | D:2      | Reached ** piety under Trog
   620 | D:2      | Noticed Sigmund
   640 | D:2      | Killed Sigmund
   640 | D:2      | Reached skill level 4 in Long Blades
   640 | D:2      | Reached XP level 4. HP: 28/28 MP: 5/5
   640 | D:2      | Gained mutation: You can fly. [Tengu growth]
   640 | D:2      | Reached XP level 5. HP: 32/32 MP: 6/6
   929 | D:2      | Reached XP level 6. HP: 37/37 MP: 7/7
  1565 | D:3      | Reached skill level 5 in Long Blades
  1986 | D:3      | Reached *** piety under Trog
  2539 | D:4      | Found an opulent altar of Gozag.
  2540 | D:4      | Found a hide-covered altar of Uskayaw.
  2542 | D:4      | Found a hazy altar of Hepliaklqana.
  2548 | D:4      | Found a stormy altar of Qazlal.
  2548 | D:4      | Found a burning altar of Makhleb.
  2549 | D:4      | Found an iron altar of Okawaru.
  2627 | D:4      | Found a shimmering altar of Xom.
  2693 | D:4      | Noticed an ice beast
  2708 | D:4      | Killed an ice beast
  2820 | D:4      | Noticed Grinder
  2835 | D:4      | Paralysed by Grinder for 5 turns
  2844 | D:4      | Slain by Grinder

Vault maps used:
D:1:      saegor_arrival_simple_a
D:2:      cheibrodos_old_hovel, uniq_sigmund
D:4:      grunt_temple_overflow_open, xom_butterflies, first_ration,
          xom_teletrap_fun, uniq_grinder

Skill      XL: |  1  2  3  4  5  6 |
---------------+-------------------+-----
Long Blades    | 4 5 |  5.4
Armour         | 4 |  4.8
Dodging        | 3 4 |  4.7
Fighting       | |  3.0

Action                   |  1- 3 |  4- 6 || total
-------------------------+-------+-------++-------
Melee: Falchion          |    46 |   135 ||   181
       Peck              |     6 |    23 ||    29
       Kick              |    10 |    31 ||    41
Throw: Tomahawk          |       |    17 ||    17
Invok: Berserk           |     1 |     2 ||     3
 Abil: Fly               |       |     3 ||     3
 Stab: Sleeping          |     2 |       ||     2
  Eat: Chunk             |       |     9 ||     9
Armor: Chain mail        |    15 |    44 ||    59
       Leather armour    |     4 |       ||     4
       Animal skin       |     2 |       ||     2
Dodge: Dodged            |    26 |    46 ||    72
Block: Shield            |       |    34 ||    34
       Rpst.: Falchion   |     7 |    20 ||    27

Table legend:
 A = Spawn XP
 B = Non-spawn XP
 C = Spawn XP percentage of total XP
 D = Spawn monster count
 E = Non-spawn monster count
 F = Spawn count percentage of total count
 G = Total turns spent on level
                    A         B        C        D         E        F      G
               +---------+---------+-------+---------+---------+-------+---------
         Total |       0 |     572 |   0.0 |       0 |      78 |   0.0 |  2844
               +---------+---------+-------+---------+---------+-------+---------
           D:1 |       0 |      35 |   0.0 |       0 |      21 |   0.0 |   519
           D:2 |       0 |     309 |   0.0 |       0 |      26 |   0.0 |  1014
           D:3 |       0 |      74 |   0.0 |       0 |      26 |   0.0 |   965
           D:4 |       0 |     154 |   0.0 |       0 |       5 |   0.0 |   346
               +---------+---------+-------+---------+---------+-------+---------
